Map: 2000 Atmospheres LE

Players

ZooKeeper - Winner!

  • Race: Zerg Zerg
  • League: Master

MCannix

  • Race: Protoss Protoss
  • League: Master

VOD

Have the link to the VOD?

Description

Time

  • Played on: Feb. 17, 2022, 6:08 a.m.
  • Length: 5:47
Show
View Real Time Build Order
Export as new Build Order

ZooKeeper Zerg - Winner!

Build Orders: Pool First 

Get SALT Encoding   

  12  0:03  Drone  
  13  0:12  Overlord  
  13  0:16  Drone  
  14  0:30  Drone x2  
  16  0:36  Extractor, Drone  
  16  0:49  Spawning Pool  
  15  0:52  Drone  
  16  0:59  Drone  
  17  1:22  Hatchery  
  16  1:36  Zergling x6  
  19  1:50  Metabolic Boost  
  19  1:56  Roach Warren  
  18  2:16  Queen  
  18  2:18  Overlord  
  20  2:36  Roach  
  20  2:37  Roach  
  24  2:39  Roach  
  24  2:44  Zergling x2  
  24  2:51  Zergling x2  
  26  2:55  Zergling x2  
  26  2:57  Zergling x2  
  28  3:02  Zergling x2  
  28  3:05  Ravager  
  30  3:06  Ravager  
  30  3:12  Zergling x2  
  32  3:16  Zergling x2  
  33  3:21  Zergling x2  
  33  3:26  Zergling x2  
  35  3:31  Ravager  
  36  3:41  Zergling x2  
  33  3:53  Zergling x4  
  34  3:56  Zergling x4  
  31  4:03  Zergling x8  
  31  4:06  Zergling x2  
  36  4:15  Zergling x4  
  35  4:17  Zergling x2  
  33  4:25  Zergling x2  
  33  4:28  Zergling x2  
  33  4:37  Zergling x2  
  32  4:43  Zergling x4  
  34  4:47  Zergling x4  
  35  4:53  Overlord  
  33  5:01  Zergling x4  
  33  5:04  Zergling x2  
  33  5:05  Zergling x2  
  34  5:16  Zergling x2  
  36  5:22  Zergling x2  
  36  5:25  Zergling x2  
  35  5:29  Zergling x2  
Show
View Real Time Build Order
Export as new Build Order

MCannix Protoss 

Build Orders: 1 Gate Expand 

Get SALT Encoding   

  12  0:00  Probe  
  13  0:12  Probe  
  14  0:19  Pylon  
  14  0:24  Probe  
  15  0:37  Probe (Chrono Boost)  
  15  0:39  Gateway  
  16  0:49  Probe (Chrono Boost)  
  17  0:51  Assimilator  
  17  0:53  Probe (Chrono Boost)  
  18  1:03  Probe  
  19  1:15  Probe  
  20  1:27  Nexus  
  20  1:40  Cybernetics Core  
  20  1:41  Probe  
  21  1:50  Assimilator  
  21  1:56  Pylon  
  21  2:00  Probe  
  22  2:12  Probe  
  22  2:14  Adept (Chrono Boost)  
  25  2:24  Probe  
  25  2:32  Stargate  
  25  2:36  Probe  
  26  2:40  Stalker (Chrono Boost)  
  28  2:48  Pylon  
  28  3:00  Shield Battery  
  28  3:04  Stalker (Chrono Boost)  
  28  3:11  Probe  
  28  3:12  Probe  
  32  3:15  Void Ray (Chrono Boost)  
  32  3:26  Probe  
  37  3:30  Probe  
  38  3:38  Probe  
  39  3:43  Probe  
  39  3:46  Shield Battery  
  40  3:50  Pylon  
  40  3:52  Pylon  
  38  3:59  Pylon  
  36  4:06  Pylon  
  34  4:10  Gateway  
  34  4:15  Probe  
  34  4:23  Pylon  
  37  4:44  Stargate  
  36  4:45  Probe  
  27  5:11  Pylon  
Tags
 
Add a new tag
Caveats
  • Supply blocks, unpowered buildings, or Contaminate may cause inaccurate times.
  • Supply counts are checked every 10 seconds.